Map: Orbital Shipyard

Players

LilDicky

  • Race: Terran Terran
  • League: Diamond

Nepherus - Winner!

  • Race: Terran Terran
  • League: Gold

VOD

http://www.twitch.tv/tumescentpie

Description

Time

  • Played on: Jan. 3, 2016, 5:14 p.m.
  • Length: 20:18
Show
View Real Time Build Order
Export as new Build Order

LilDicky Terran 

Build Orders:  

Get SALT Encoding   

  12  0:02  SCV  
  13  0:14  SCV  
  13  0:19  Supply Depot  
  14  0:26  SCV  
  15  0:41  SCV  
  16  0:49  Barracks  
  16  0:53  SCV  
  17  0:57  Refinery  
  17  1:05  SCV  
  18  1:17  SCV  
  19  1:32  Command Center  
  19  1:34  SCV  
  19  1:36  Marine  
  21  1:40  Supply Depot  
  21  1:51  Orbital Command  
  21  1:54  Marine  
  22  2:08  Factory  
  23  2:16  SCV, Barracks Tech Lab  
  23  2:22  Refinery  
  23  2:36  SCV  
  24  2:37  Marine  
  25  2:46  SCV  
  25  2:48  SCV  
  25  2:50  Supply Depot  
  27  2:55  Starport  
  27  3:03  Marine  
  27  3:04  SCV, Orbital Command  
  29  3:10  Refinery  
  29  3:15  Siege Tank  
  32  3:25  SCV, Engineering Bay  
  33  3:35  Starport Tech Lab  
  33  3:37  SCV  
  33  3:40  SCV  
  35  3:47  Siege Tank  
  39  3:49  Barracks Reactor, SCV  
  39  3:52  SCV  
  40  4:02  SCV  
  41  4:04  Missile Turret  
  41  4:06  Banshee  
  44  4:13  Cloaking Field  
  44  4:27  SCV  
  44  4:28  SCV  
  46  4:32  Supply Depot  
  46  4:34  Missile Turret  
  46  4:37  Siege Tank  
  49  4:40  SCV  
  49  4:41  SCV  
  49  4:45  Marine  
  51  4:46  Marine  
  51  4:52  SCV  
  54  4:54  SCV  
  54  4:56  Fusion Core  
  55  5:01  Supply Depot, Refinery  
  55  5:04  SCV  
  55  5:06  SCV  
  57  5:09  Siege Tank  
  59  5:15  Liberator  
  57  5:28  Missile Turret  
  57  5:33  Marine x2  
  62  5:39  SCV  
  62  5:40  SCV  
  62  5:41  Siege Tank  
  67  5:51  Marine x2  
  66  5:59  Advanced Ballistics  
  66  6:01  SCV x2  
  68  6:09  Marine x2  
  68  6:11  Command Center  
  70  6:32  Supply Depot  
  70  6:35  Supply Depot  
  70  6:40  Factory  
  70  6:43  Starport  
  70  6:44  SCV x2, Medivac  
  74  6:47  Supply Depot x2  
  74  6:49  Supply Depot  
  74  7:04  Marine  
  67  7:45  Viking  
  61  8:21  SCV x2  
  61  8:24  Viking  
  61  8:25  Missile Turret x2  
  65  8:33  SCV  
  66  8:38  SCV  
  57  8:45  SCV  
  57  8:47  Factory Tech Lab, Starport Reactor  
  58  8:50  SCV  
  58  8:54  Missile Turret  
  52  9:06  Siege Tank x2  
  52  9:07  SCV  
  52  9:08  Orbital Command  
  56  9:12  SCV  
  57  9:19  SCV  
  57  9:24  SCV  
  59  9:29  Refinery  
  59  9:30  Missile Turret  
  59  9:31  SCV  
  59  9:33  Banshee, Refinery  
  59  9:36  Viking x2  
  70  9:38  Siege Tank, Marine  
  70  9:43  Factory  
  70  9:44  Factory  
  70  9:45  Armory  
  71  9:46  Armory, Factory, SCV x2  
  71  9:47  Command Center  
  73  10:04  SCV  
  74  10:08  Siege Tank  
  74  10:09  Viking x2  
  74  10:10  SCV x2  
  74  10:12  Siege Tank  
  86  10:16  SCV, Viking  
  89  10:25  SCV, Hi-Sec Auto Tracking  
  89  10:26  Missile Turret  
  90  10:29  Missile Turret  
  90  10:34  Missile Turret  
  90  10:35  Terran Vehicle And Ship Armor Level 1, Missile Turret, Terran Vehicle Weapons Level 1  
  90  10:37  Factory Tech Lab x2, Factory Reactor  
  90  10:39  Viking  
  90  10:40  Viking  
  94  10:46  Viking  
  72  11:26  Missile Turret  
  72  11:28  Siege Tank x2  
  72  11:29  Siege Tank x2, Missile Turret  
  72  11:30  Hellion x2  
  72  11:31  Banshee  
  91  11:33  Viking  
  91  11:38  Refinery  
  93  11:48  Supply Depot  
  93  11:49  Supply Depot  
  93  11:51  Hellion x2  
  96  11:54  SCV x2  
  96  11:55  Planetary Fortress  
  96  12:00  Siege Tank  
  101  12:13  Ghost Academy  
  101  12:15  SCV, Barracks Tech Lab  
  102  12:16  Hellion x5  
  102  12:19  Banshee  
  102  12:20  Medivac x2  
  102  12:22  SCV x2  
  121  12:23  Factory  
  121  12:33  Hellion  
  121  12:34  SCV x2  
  125  12:37  Hellion x2, Widow Mine x2  
  125  12:38  Hellion  
  135  12:52  SCV  
  135  12:58  Ghost  
  138  13:10  Infernal Pre-Igniter  
  138  13:11  Drilling Claws  
  138  13:12  Widow Mine x3  
  138  13:13  Widow Mine  
  138  13:14  Hellion x2  
  145  13:35  Hellion  
  144  13:54  Sensor Tower  
  119  14:36  Hellion x5  
  119  14:37  Hellion  
  125  14:47  Medivac x2  
  125  14:49  SCV x3  
  132  14:54  Personal Cloaking  
  132  14:56  SCV  
  132  14:57  Terran Infantry Armor Level 1, Hellion  
  132  14:58  Terran Vehicle Weapons Level 2, Terran Vehicle And Ship Armor Level 2  
  135  15:04  Ghost  
  137  15:08  Hellion x4  
  145  15:15  Medivac  
  145  15:17  Medivac  
  149  15:38  Refinery  
  149  15:51  Command Center  
  149  16:04  Sensor Tower  
  149  16:08  Sensor Tower  
  149  16:20  Nuke  
  132  16:51  Neosteel Frame  
  79  17:02  Siege Tank  
  79  17:03  Siege Tank x3  
  81  17:27  Viking x3  
  87  17:35  Siege Tank x4  
  99  17:57  Viking x2  
  102  18:07  Siege Tank x2  
  102  18:10  Building Armor  
  63  18:29  Banshee, Hellion x2, Siege Tank x2  
  63  18:30  Viking x2  
  67  18:36  Ghost  
  67  18:39  Hellion x2  
  66  18:52  Hellion x2  
  70  19:00  Hellion  
  70  19:01  Hellion x2  
  70  19:02  Hellion  
  73  19:12  Banshee  
  73  19:16  Orbital Command  
  76  19:18  Ghost  
  76  19:21  Nuke  
  76  19:22  Siege Tank x2  
  84  19:26  Refinery  
  80  19:36  Refinery  
Show
View Real Time Build Order
Export as new Build Order

Nepherus Terran - Winner!

Build Orders: Reaper Expand 

Get SALT Encoding   

  12  0:01  SCV  
  13  0:13  SCV  
  14  0:17  Supply Depot  
  14  0:25  SCV  
  15  0:39  SCV  
  15  0:42  Barracks  
  16  0:44  Refinery  
  16  0:51  SCV  
  17  1:03  SCV  
  18  1:15  SCV  
  19  1:31  Reaper, Orbital Command  
  20  1:45  Command Center  
  20  1:57  SCV  
  20  1:58  Supply Depot  
  21  2:03  Marine  
  22  2:09  SCV  
  22  2:13  Factory  
  23  2:17  Refinery  
  23  2:21  SCV  
  24  2:33  Barracks Reactor, SCV  
  25  2:45  SCV  
  26  2:57  SCV, Orbital Command  
  27  3:02  Hellion  
  29  3:09  SCV  
  29  3:12  Starport  
  30  3:14  Refinery  
  30  3:21  SCV  
  30  3:22  Marine x2  
  30  3:24  Hellion  
  34  3:39  SCV x2, Marine  
  34  3:40  Marine  
  34  3:41  Supply Depot  
  33  3:48  Medivac  
  38  3:55  Barracks  
  40  3:57  Engineering Bay, Marine x2  
  40  4:00  Factory Tech Lab  
  42  4:03  SCV x2  
  44  4:15  SCV x2  
  46  4:19  Starport Reactor  
  46  4:31  SCV x2  
  46  4:32  Marine x2  
  46  4:33  Siege Tank  
  46  4:35  Terran Infantry Weapons Level 1  
  53  4:40  Supply Depot  
  53  4:42  Missile Turret  
  53  4:46  Missile Turret  
  53  4:50  Marine  
  54  4:59  Supply Depot  
  54  5:02  SCV x2, Marine  
  55  5:29  Marine x2  
  55  5:30  Siege Tank  
  55  5:31  Medivac x2  
  64  5:36  Barracks  
  64  5:37  Barracks  
  64  5:40  Barracks  
  64  5:42  Barracks  
  64  5:44  SCV x2  
  64  5:48  Refinery  
  65  5:56  Marine x2  
  65  6:01  Viking  
  63  6:16  Siege Tank  
  65  6:19  Marine x2  
  65  6:22  SCV x2  
  68  6:26  Supply Depot x2  
  68  6:32  Engineering Bay  
  68  6:34  SCV x2  
  68  6:35  Armory  
  68  6:39  Barracks Tech Lab  
  70  6:40  Barracks Reactor x2  
  70  6:42  Barracks Tech Lab  
  70  6:48  Supply Depot  
  70  6:52  SCV x2  
  72  7:00  Terran Infantry Armor Level 1  
  72  7:03  Marine  
  72  7:05  Combat Shields  
  72  7:06  Stimpack  
  72  7:07  Marine  
  72  7:08  Marine  
  75  7:09  Marine  
  76  7:17  Marine x3  
  76  7:19  Marine  
  76  7:21  Marine  
  80  7:26  Marine  
  76  7:40  Marine x4  
  76  7:41  Marine  
  76  7:43  Marine  
  77  7:54  Medivac  
  77  7:55  Medivac  
  77  7:58  Marine x4  
  77  8:03  Siege Tank  
  76  8:07  Marine x2  
  78  8:14  Supply Depot  
  78  8:16  Marine x4  
  78  8:17  Supply Depot  
  82  8:24  Marine  
  82  8:25  Marine  
  84  8:33  Marine  
  84  8:34  Marine x3  
  85  8:36  Supply Depot  
  83  9:05  Marine x6  
  83  9:06  Terran Infantry Weapons Level 2, Terran Infantry Armor Level 2  
  89  9:12  Supply Depot  
  89  9:13  SCV  
  89  9:14  SCV, Supply Depot  
  91  9:18  Medivac  
  91  9:19  Siege Tank, Medivac  
  91  9:22  Marine  
  91  9:23  Marine x2  
  101  9:28  Marine x2  
  101  9:29  Marine  
  104  9:33  Factory  
  104  9:40  Marine x2  
  104  9:41  Marine  
  104  9:42  Supply Depot  
  107  9:46  Marine  
  107  9:48  Medivac  
  107  9:49  Medivac  
  112  10:09  SCV x2  
  112  10:10  Marine x4  
  118  10:15  Marine  
  118  10:16  Marine  
  120  10:23  Factory Tech Lab  
  120  10:24  Siege Tank  
  120  10:26  SCV  
  120  10:27  Command Center  
  124  10:30  Marine x4  
  124  10:33  Marine  
  129  10:36  Supply Depot  
  122  11:03  Marine  
  122  11:04  Marine x5  
  122  11:10  Supply Depot  
  118  11:12  Supply Depot  
  118  11:16  Medivac x2  
  118  11:18  Siege Tank  
  123  11:21  Marine x2  
  123  11:22  Marine x2  
  125  11:29  Marine x2  
  127  11:48  Orbital Command  
  127  11:52  Refinery  
  127  11:56  Supply Depot  
  127  12:06  Marine x2  
  127  12:07  Marine x4  
  133  12:17  Barracks  
  133  12:18  Barracks  
  133  12:19  Barracks  
  133  12:23  Terran Infantry Weapons Level 3  
  133  12:24  Marine x2  
  133  12:28  Terran Infantry Armor Level 3  
  135  12:33  Marine x2  
  135  12:34  Refinery, Marine x2  
  139  12:56  SCV x2, Marine x4  
  139  12:57  Marine  
  146  13:01  SCV  
  146  13:02  Marine  
  146  13:04  Barracks Reactor  
  146  13:05  Barracks Reactor  
  148  13:08  SCV x2  
  150  13:14  Marine x2  
  150  13:18  Marine  
  150  13:19  Marine x2  
  156  13:20  Marine  
  143  13:30  Barracks Reactor  
  143  13:32  Supply Depot, Marine x2  
  137  13:36  Marine x2  
  136  13:54  Marauder x2  
  136  13:55  Supply Depot  
  140  14:01  Barracks x2  
  140  14:06  SCV  
  140  14:07  SCV x2  
  133  14:15  Marauder  
  133  14:16  Marauder  
  137  14:19  SCV x3  
  128  14:37  Marauder x2  
  129  14:41  Marine x2  
  129  14:42  Marine x2  
  129  14:45  Medivac x2  
  109  14:52  Terran Vehicle Weapons Level 1  
  109  14:58  Marauder x2  
  113  15:08  Barracks Tech Lab x2  
  113  15:10  Marine x3  
  113  15:11  Marine x2  
  113  15:12  Marine  
  119  15:15  Siege Tank x2  
  119  15:20  Command Center, Marauder x2  
  128  15:30  Marine x3  
  128  15:31  Marine, Marauder x2  
  136  15:41  Marine x2  
  136  15:42  Marauder  
  140  15:45  Marauder  
  142  15:58  Marine  
  142  16:00  Sensor Tower, Marauder x2  
  142  16:03  Marauder  
  149  16:06  Marauder  
  149  16:08  Medivac x2  
  155  16:21  Marauder x2  
  155  16:22  Marine  
  155  16:23  Marine x4  
  155  16:24  Marauder, Marine  
  167  16:27  Marine  
  168  16:33  Siege Tank  
  168  16:38  Siege Tank  
  174  16:40  Marine  
  174  16:42  Marauder  
  174  16:43  Marauder  
  174  16:45  Marauder  
  163  16:51  Marine x3  
  163  16:52  Marauder, Marine x2  
  157  17:00  Marine  
  139  17:03  Marine  
  139  17:04  Marauder  
  139  17:06  Marine  
  143  17:10  Orbital Command  
  143  17:21  Marine, Marauder  
  143  17:22  Marauder, Marine  
  145  17:44  Marine x2  
  145  17:45  Marine, Marauder x2  
  145  17:46  Marauder  
  145  17:47  Marauder, Marine  
  128  18:17  Marauder, Marine x2  
  128  18:18  Marauder  
  129  18:24  Marine x2  
  129  18:25  Marine x2, Marauder x2  
  115  18:35  Marine x2  
  115  18:38  SCV  
  115  18:39  SCV, Marauder x2  
  115  18:40  SCV  
  124  18:42  Marine x2  
  124  18:45  Barracks Tech Lab  
  124  18:46  Barracks Tech Lab, Marauder  
  124  18:47  Marauder  
  115  19:00  Marauder x2  
  119  19:03  Marine x4  
  119  19:04  Marine  
  119  19:05  Marine  
  119  19:08  Marauder x2  
  123  19:19  Medivac x2  
  123  19:22  Marauder  
  129  19:31  Orbital Command  
  129  19:36  Refinery  
  129  19:39  Refinery  
  129  19:44  Marauder x2, Marine x3  
  140  19:57  Marine x2  
  140  19:58  Marine  
  145  20:02  SCV x2  
  145  20:03  SCV  
Tags
 
Add a new tag
Caveats
  • Supply blocks, unpowered buildings, or Contaminate may cause inaccurate times.
  • Supply counts are checked every 10 seconds.